Map: Symulakrum ER

Players

Legol

  • Race: Protoss Protoss
  • League: Platinum
  • Spawn Location: 5:00

IvoryAsh - Winner!

  • Race: Terran Terran
  • League: Diamond
  • Spawn Location: 11:00

VOD

Have the link to the VOD?

Description

Time

  • Played on: Jan. 8, 2020, 4:09 p.m.
  • Length: 10:12
Show
View Real Time Build Order
Export as new Build Order

Legol Protoss 

Build Orders: Blink Stalkers 

Get SALT Encoding   

  12  0:01  Probe  
  13  0:13  Probe  
  14  0:20  Pylon  
  14  0:25  Probe  
  15  0:41  Gateway  
  15  0:42  Probe (Chrono Boost)  
  16  0:51  Probe (Chrono Boost)  
  16  0:54  Assimilator  
  16  0:56  Probe (Chrono Boost)  
  18  1:08  Probe  
  19  1:20  Probe  
  20  1:28  Cybernetics Core  
  21  1:32  Probe  
  21  1:44  Probe  
  21  1:46  Nexus  
  22  1:54  Pylon  
  22  2:02  Probe  
  22  2:03  Assimilator  
  22  2:06  Warp Gate  
  23  2:10  Stalker (Chrono Boost)  
  25  2:16  Probe  
  26  2:28  Probe  
  26  2:38  Stalker  
  26  2:41  Probe  
  29  2:47  Gateway  
  29  2:58  Probe  
  30  3:07  Twilight Council  
  30  3:10  Probe  
  31  3:16  Stalker  
  31  3:19  Probe  
  34  3:22  Probe  
  35  3:27  Pylon  
  35  3:31  Probe  
  35  3:33  Gateway  
  36  3:37  Stalker  
  36  3:38  Blink (Chrono Boost)  
  36  3:40  Probe  
  39  3:45  Probe  
  40  3:54  Probe, Gateway  
  41  3:57  Probe  
  42  4:06  Probe  
  42  4:09  Probe  
  44  4:14  Stalker  
  46  4:18  Probe  
  46  4:21  Probe  
  48  4:28  Gateway  
  48  4:31  Stalker  
  48  4:35  Pylon  
  48  4:36  Stalker  
  52  4:38  Pylon  
  52  4:42  Stalker  
  41  5:01  Stalker x3  
  47  5:12  Probe (Chrono Boost)  
  48  5:19  Probe (Chrono Boost)  
  49  5:24  Stalker  
  49  5:25  Probe (Chrono Boost)  
  49  5:26  Probe (Chrono Boost)  
  53  5:33  Probe x2  
  55  5:37  Stalker x2  
  59  5:45  Probe  
  58  5:57  Probe  
  57  6:39  Probe x2  
  59  6:43  Assimilator  
  59  6:45  Assimilator  
  59  6:48  Pylon  
  59  6:50  Pylon  
  59  6:51  Probe x2  
  59  6:52  Pylon  
  59  6:54  Robotics Facility  
  61  6:55  Pylon, Forge  
  61  6:58  Forge  
  61  7:01  Gateway  
  55  7:05  Stalker x3  
  55  7:06  Stalker x2  
  67  7:15  Probe (Chrono Boost)  
  67  7:20  Probe (Chrono Boost)  
  67  7:25  Probe (Chrono Boost)  
  67  7:29  Probe (Chrono Boost)  
  67  7:35  Protoss Ground Weapons Level 1 (Chrono Boost)  
  67  7:43  Probe x2, Robotics Facility  
  69  7:50  Immortal (Chrono Boost)  
  69  7:55  Probe  
  74  8:12  Robotics Bay  
  74  8:17  Zealot x6  
  86  8:37  Warp Prism  
  86  8:38  Immortal  
  92  8:54  Pylon  
  92  8:57  Pylon  
  90  9:03  Shield Battery  
  78  9:14  Stalker x3  
  78  9:15  Stalker x3  
  41  9:38  Stalker x3  
  41  9:39  Stalker x2  
  47  10:04  Stalker x2  
  47  10:05  Stalker x4  
Show
View Real Time Build Order
Export as new Build Order

IvoryAsh Terran - Winner!

Build Orders: Reaper Expand 

Get SALT Encoding   

  12  0:00  SCV  
  13  0:13  SCV  
  14  0:17  Supply Depot  
  14  0:25  SCV  
  15  0:38  SCV  
  15  0:41  Barracks  
  16  0:45  Refinery  
  16  0:50  SCV  
  17  1:02  SCV  
  18  1:15  SCV  
  19  1:28  Reaper  
  19  1:29  Orbital Command  
  20  1:40  Command Center  
  20  1:55  Supply Depot  
  20  1:57  SCV  
  21  2:11  Factory  
  21  2:12  SCV  
  22  2:22  Barracks Reactor, Refinery  
  22  2:24  SCV  
  23  2:37  SCV  
  24  2:49  SCV  
  25  2:54  Widow Mine  
  25  2:58  Starport  
  27  3:00  Orbital Command, Marine x2  
  27  3:01  SCV  
  29  3:13  SCV  
  29  3:16  Widow Mine  
  32  3:20  Marine x2  
  32  3:25  SCV  
  35  3:28  SCV  
  36  3:36  Medivac  
  36  3:37  SCV  
  36  3:38  Marine x2  
  36  3:40  SCV  
  36  3:41  Widow Mine  
  44  3:42  Supply Depot  
  44  3:49  SCV  
  44  3:52  SCV  
  46  4:04  Barracks, SCV x2  
  46  4:05  Factory Reactor  
  48  4:13  Starport Tech Lab  
  48  4:14  Supply Depot  
  48  4:16  SCV x2  
  50  4:17  Marine x2  
  52  4:28  SCV x2  
  54  4:40  SCV x2  
  54  4:42  Starport Reactor  
  54  4:43  Refinery x2  
  56  4:52  SCV x2  
  58  4:58  Barracks  
  52  5:00  Marine  
  52  5:01  Marine  
  52  5:03  Supply Depot  
  52  5:05  Siege Tank  
  57  5:09  SCV x2, Command Center  
  59  5:18  Marine x2  
  61  5:25  Medivac x2  
  61  5:27  Supply Depot  
  65  5:31  Supply Depot  
  65  5:32  Marine  
  65  5:33  Marine  
  67  5:38  Siege Tank, Marine x2  
  67  5:40  SCV x2  
  74  5:44  Supply Depot  
  74  5:46  Barracks Tech Lab  
  72  5:52  SCV  
  66  6:06  Supply Depot  
  66  6:08  Engineering Bay  
  65  6:13  Marine x5  
  65  6:15  Stimpack  
  65  6:18  SCV x2  
  70  6:22  Supply Depot  
  68  6:30  Marine  
  68  6:31  Marine  
  68  6:33  Orbital Command  
  68  6:35  Marine x2  
  68  6:36  Marine  
  67  6:42  Siege Tank  
  67  6:45  SCV  
  71  6:50  Orbital Command  
  73  6:54  Marauder  
  73  6:55  Marine x2  
  73  7:00  Marine  
  75  7:07  SCV  
  76  7:10  Engineering Bay, SCV  
  76  7:11  Medivac  
  76  7:14  Marine x2  
  81  7:19  SCV x2  
  81  7:22  SCV  
  84  7:31  Refinery  
  84  7:33  Marine x4  
  84  7:34  Marine  
  84  7:35  Siege Tank  
  92  7:40  Armory, Terran Infantry Armor Level 1  
  92  7:42  Terran Infantry Weapons Level 1  
  92  7:54  Combat Shield  
  92  7:56  Marine x3  
  92  7:57  Marine x2  
  97  7:59  SCV x3  
  100  8:12  Barracks x2  
  100  8:27  Marine  
  101  8:43  Supply Depot  
  101  8:44  Supply Depot, Drilling Claws  
  101  8:46  Siege Tank, Marine x5  
  109  8:49  Factory  
  109  9:02  Bunker  
  109  9:04  Marauder, Marine x2  
  109  9:05  Bunker  
  105  9:15  Marine x2  
  101  9:18  Barracks Reactor, Barracks Tech Lab  
  95  9:34  Marine x3  
  95  9:35  Marauder  
  95  9:37  Marine x2  
  102  9:40  Orbital Command  
  99  9:53  Command Center  
Tags
 
Add a new tag
Caveats
  • Supply blocks, unpowered buildings, or Contaminate may cause inaccurate times.
  • Supply counts are checked every 10 seconds.